 Dungeon Crawl Stone Soup version 0.21-a0-531-gacddea6 (webtiles) character file.

436 tof the Slasher (level 6, -1/47 HPs)
             Began as a Demonspawn Gladiator on Dec 12, 2017.
             Slain by Purgy (5 damage)
             ... on level 4 of the Dungeon.
             The game lasted 00:05:27 (3345 turns).

tof the Slasher (Demonspawn Gladiator)              Turns: 3345, Time: 00:05:28

Health: -1/47      AC: 14    Str: 14    XL:     6   Next: 68%
Magic:  6/6        EV:  7    Int:  9    God:
Gold:   163        SH:  0    Dex: 17    Spells: 5/5 levels left

rFire    . . .     SeeInvis +   a - +0 long sword
rCold    . . .     Gourm    .   (no shield)
rNeg     . . .     Faith    .   g - +0 chain mail
rPois    .         Spirit   .   c - +0 helmet
rElec    .         Reflect  .   p - +0 cloak
rCorr    .         Harm     .   (no gloves)
MR       .....                  h - +2 pair of boots
Stlth    ..........             (no amulet)
HPRegen  0.15/turn              i - ring of see invisible
MPRegen  0.10/turn              v - ring of stealth

@: no status effects
A: claws 1, talons 1
a: no special abilities


You were on level 4 of the Dungeon.
You were not hungry.

You visited 1 branch of the dungeon, and saw 4 of its levels.

You collected 163 gold pieces.

Inventory:

Hand Weapons
 a - a +0 long sword (weapon)
Missiles
 d - 3 throwing nets
 o - 46 stones (quivered)
Armour
 b - a +0 leather armour
 c - a +0 helmet (worn)
 g - a +0 chain mail (worn)
 h - a +2 pair of boots (worn)
 p - a +0 cloak (worn)
Jewellery
 i - a ring of see invisible (left claw)
 v - a ring of stealth (right claw)
Scrolls
 m - 2 scrolls of identify {unknown}
 q - 3 scrolls of remove curse {unknown}
 s - 3 scrolls of teleportation {unknown}
Potions
 e - a potion of magic {unknown}
 j - a potion of agility {unknown}
 k - a potion of berserk rage {unknown}
 l - 2 potions of mutation {unknown}
 n - a potion of curing {unknown}
 t - a potion of flight {unknown}
Comestibles
 f - a bread ration
 r - a meat ration
 u - 10 fruits
 w - a royal jelly


   Skills:
 + Level 3.6 Fighting
 * Level 4.8 Long Blades
 + Level 3.2 Throwing
 + Level 2.5 Armour
 - Level 2.6 Dodging


You had 5 spell levels left.
You didn't know any spells.

Dungeon Overview and Level Annotations

Branches:
Dungeon (4/15)             Temple (0/1) D:4

Altars:
Dithmenos
Fedhas

Annotations:
D:4 Purgy


Innate Abilities, Weirdness & Mutations

You have sharp fingernails.
You have sharp toenails.


Message History

You hit Purgy but do no damage.
Purgy is lightly wounded.
Purgy bites you but does no damage. Purgy claws you but does no damage.
Purgy misses you.
You slash Purgy!
Purgy is heavily wounded.
Purgy bites you but does no damage. Purgy claws you but does no damage. x2
Purgy barely misses you. Purgy claws you but does no damage. x2
You hit Purgy but do no damage.
Purgy is moderately wounded.
Purgy bites you but does no damage. Purgy claws you but does no damage. x2
You hit Purgy.
Purgy is heavily wounded.
Purgy bites you.
* * * LOW HITPOINT WARNING * * *
Purgy claws you but does no damage. x2
You hit Purgy.
Purgy is heavily wounded.
Purgy bites you.
You die...

.## ##.###.##.
#......... ###...#### #
#§..§.## ##.# §§.§§§§##
.. #... §§..§§§§.# ....
###..# .§..§§§...
.....##.To# ...(.._.....
.......@### ....§.......
#####.....####§.§.§§§..#
#.###....# §§.§§§## #..
##...## §§.§§### #!
#.....####...## #
..#...##.#...#...# .
.....###....#.).#####.
...####....#####.....#
..<##.##....###..#


You could see Purgy and an orc.

Vanquished Creatures
  A phantom (D:4)
  2 ogres (D:4)
  2 hounds (D:4)
  4 adders
  3 oozes
  2 dart slugs
  3 leopard geckos (D:3)
  A giant cockroach (D:1)
  10 goblins
  9 hobgoblins
  7 jackals
  2 quokkas
  A ball python (D:1)
  4 bats
  5 frilled lizards
  A jackal skeleton (D:4)
  6 kobolds
  6 rats
69 creatures vanquished.

Notes
Turn   | Place    | Note
-------+----------+-------------------------------------------
     0 | D:1      | tof the Demonspawn Gladiator began the quest for the Orb.
     0 | D:1      | Reached XP level 1. HP: 16/16 MP: 1/1
    45 | D:1      | Gained mutation: You have sharp toenails. [demonic ancestry]
    45 | D:1      | Reached XP level 2. HP: 13/22 MP: 2/2
    90 | D:1      | Reached skill level 3 in Long Blades
   490 | D:1      | Reached XP level 3. HP: 25/28 MP: 3/3
   679 | D:2      | Reached skill level 1 in Armour
  1442 | D:3      | Found a blossoming altar of Fedhas.
  1518 | D:3      | Gained mutation: You have sharp fingernails. [demonic ancestry]
  1518 | D:3      | Reached XP level 4. HP: 17/34 MP: 4/4
  2504 | D:4      | Noticed a phantom
  2518 | D:4      | Reached XP level 5. HP: 24/40 MP: 5/5
  2541 | D:4      | Found a staircase to the Ecumenical Temple.
  2592 | D:4      | HP: 1/40 [phantom (3)]
  2598 | D:4      | Killed a phantom
  2598 | D:4      | Reached skill level 4 in Long Blades
  2619 | D:4      | Noticed an ogre
  2902 | D:4      | Killed an ogre
  2902 | D:4      | Reached XP level 6. HP: 47/47 MP: 6/6
  3016 | D:4      | Found a shadowy altar of Dithmenos.
  3304 | D:4      | Noticed Purgy
  3345 | D:4      | Slain by Purgy

Vault maps used:
D:1:      dpeg_arrival_tiny_d, minmay_pentomino_o4
D:2:      st_stairs_9
D:3:      fedhas_altar_fruit_tree
D:4:      nicolae_dithmenos_the_darkroom, makhleb_altar_promises_db,
          minmay_temple_entry_mist, uniq_purgy

Skill      XL: |  1  2  3  4  5 |
---------------+----------------+-----
Long Blades    | 3 4 |  4.8
Throwing       | 2 3 |  3.2
Armour         | 1 2 |  2.5
Fighting       | 3 |  3.6
Dodging        | |  2.6

Action                   |  1- 3 |  4- 6 || total
-------------------------+-------+-------++-------
Melee: Long sword        |   129 |   161 ||   290
       Kick              |     3 |       ||     3
Throw: Stone             |    50 |     9 ||    59
  Eat: Chunk             |     2 |     3 ||     5
       Bread ration      |       |     1 ||     1
Armor: Leather armour    |    15 |       ||    15
       Chain mail        |    82 |   175 ||   257
       Skin              |     2 |       ||     2
Dodge: Dodged            |    71 |    72 ||   143
       Rpst.: Long sword |    22 |    20 ||    42

Table legend:
 A = Spawn XP
 B = Non-spawn XP
 C = Spawn XP percentage of total XP
 D = Spawn monster count
 E = Non-spawn monster count
 F = Spawn count percentage of total count
 G = Total turns spent on level
                    A         B        C        D         E        F      G
               +---------+---------+-------+---------+---------+-------+---------
         Total |       0 |     623 |   0.0 |       0 |      69 |   0.0 |  3345
               +---------+---------+-------+---------+---------+-------+---------
           D:1 |       0 |      43 |   0.0 |       0 |      22 |   0.0 |   587
           D:2 |       0 |      47 |   0.0 |       0 |      22 |   0.0 |   838
           D:3 |       0 |      81 |   0.0 |       0 |      19 |   0.0 |  1317
           D:4 |       0 |     452 |   0.0 |       0 |       6 |   0.0 |   603
               +---------+---------+-------+---------+---------+-------+---------
